 Dungeon Crawl Stone Soup version 0.23.1 (webtiles) character file.

Game seed: 173937219858676803

0 glosham the Skirmisher (level 1, -34/18 HPs)
             Began as a Mummy Abyssal Knight on Mar 9, 2019.
             Was a Follower of Lugonu.
             Annihilated by a large abomination (38 damage)
             ... on level 1 of the Abyss.
             The game lasted 00:02:15 (96 turns).

glosham the Skirmisher (Mummy Abyssal Knight)         Turns: 96, Time: 00:02:15

Health: -34/18     AC:  3    Str: 15    XL:     1   Next: 0%
Magic:  2/2        EV: 11    Int: 11    God:    Lugonu [*.....]
Gold:   0          SH:  0    Dex: 11    Spells: 0/0 levels left

rFire    x . .     SeeInvis .   a - +1 hand axe
rCold    + . .     Gourm    .   (no shield)
rNeg     + + +     Faith    .   b - +0 leather armour
rPois    ∞         Spirit   .   (no helmet)
rElec    .         Reflect  .   (no cloak)
rCorr    .         Harm     .   (no gloves)
MR       .....                  (no boots)
Stlth    +.........             (no amulet)
HPRegen  0.06/turn              (no ring)
MPRegen  0.08/turn              (no ring)

@: no status effects
A: no food or potions, fire vulnerability, cold resistance 1, negative energy
resistance 3, torment resistance, unbreathing
a: Depart the Abyss, Renounce Religion


You were on level 1 of the Abyss.
You worshipped Lugonu.
Lugonu was aware of your devotion.
You were not hungry.

You visited 0 branches of the dungeon, and saw 0 of its levels.
You visited the Abyss 1 time.

Inventory:

Hand Weapons
 a - a +1 hand axe (weapon)
Armour
 b - a +0 leather armour (worn)


   Skills:
 * Level 3.0 Fighting
 - Level 1.5 Axes
 - Level 1.5 Armour
 - Level 0.7 Dodging
 - Level 1.5 Invocations


You couldn't memorise any spells.
You didn't know any spells.
Your spell library was empty.

Dungeon Overview and Level Annotations

Branches:
Dungeon (0/15)

Altars:


Innate Abilities, Weirdness & Mutations

You do not eat or drink.
Your flesh is vulnerable to fire.
You are immune to poison.
Your flesh is cold resistant. (rC+)
You are immune to negative energy. (rN+++)
You are immune to unholy pain and torment.
You can survive without breathing.


Message History

Lugonu says: Depart the Abyss and spread corruption, my servant! (use the ability menu to exit the Abyss) Press ? for a list of commands and other information.
Found a corrupted altar of Lugonu.
Found a deep blue altar of Sif Muna.
Found a mace.
Found a metallic purple potion.
Found a scroll labeled IGGOGI BYEN.
A starcursed mass comes into view.
A smoke demon comes into view.
The starcursed mass shrieks in your mind.
Tentacles burst from the starspawn's body!
A starcursed mass splits. 2 starspawn tentacles come into view.
A starcursed mass splits.
The starspawn tentacle grabs you. The starspawn tentacle constricts you.
You escape the starspawn tentacle's grasp.
The starspawn tentacle grabs you. The starspawn tentacle constricts you.
You escape the starspawn tentacle's grasp.
Tentacles burst from the starspawn's body! 2 starspawn tentacles come into view.
A starcursed mass splits.
The starspawn tentacle grabs you. The starspawn tentacle constricts you.
You escape the starspawn tentacle's grasp.
A starcursed mass splits.
The starspawn tentacle grabs you.
* * * LOW HITPOINT WARNING * * *
The starspawn tentacle constricts you.
You escape the starspawn tentacle's grasp.
The starspawn tentacle grabs you.
* * * LOW HITPOINT WARNING * * *
The starspawn tentacle constricts you.
You escape the starspawn tentacle's grasp.
A hell hound comes into view.
A large abomination comes into view.
Found 6 gold pieces.
A starcursed mass comes into view.
The hell hound barks!
A starcursed mass splits.
The large abomination hits you!!!
Ouch! That really hurt!
You die...

.. ### .# ...
.$. .#.# .#.
..# #..#####
.#.......#
#####.X#..#....
#@#..##........
##X....X### . .
###.#..X.#§###
#. #..##§ # #
..###.#..## .#
#...#.# #.. #
#..## ..#
#.#### .. ###


You could see 2 starcursed masses and a large abomination.

Vanquished Creatures (others)
  4 starspawn tentacles (Abyss:1)
4 creatures vanquished.

Notes
Turn   | Place    | Note
-------+----------+-------------------------------------------
     0 | Abyss:1  | glosham the Mummy Abyssal Knight began the quest for the
                  | Orb.
     0 | Abyss:1  | Reached XP level 1. HP: 18/18 MP: 2/2
     9 | Abyss:1  | Found a deep blue altar of Sif Muna.
    27 | Abyss:1  | Noticed a tentacled starspawn
    30 | Abyss:1  | Noticed a starcursed mass
    30 | Abyss:1  | Noticed a smoke demon
    44 | Abyss:1  | HP: 1/18 [starspawn tentacle[a tentacled starspawn] (3)]
    89 | Abyss:1  | Noticed a hell hound
    90 | Abyss:1  | Noticed a large abomination
    91 | Abyss:1  | Noticed a starcursed mass
    96 | Abyss:1  | Annihilated by a large abomination

Table legend:
 A = Turns spent in this place as a percentage of turns spent in the entire game.
 B = Non-inter-level travel turns spent in this place as a percentage of non-inter-level travel turns spent in the entire game.
 C = Inter-level travel turns spent in this place as a percentage of turns spent in this place.
 D = Turns resting spent in this place as a percentage of non-inter-level travel turns spent in this place.
 E = Turns spent auto-exploring this place as a percentage of non-inter-level travel turns spent in this place.
 F = Non-inter-level travel turns spent in this place divided by the number of levels of this place that you've seen.
                   A       B       C       D       E      F
               +-------+-------+-------+-------+-------+----------------------
         Total | 100.0 | 100.0 |   0.0 |   0.0 |   0.0 |  96.0
         Abyss | 100.0 | 100.0 |   0.0 |   0.0 |   0.0 |  96.0
               +-------+-------+-------+-------+-------+----------------------

Levels and vault maps discovered:
Abyss:1
